Map: Automaton LE

Players

Rahtin

  • Race: Zerg Zerg
  • League: Platinum
  • Spawn Location: 3:00

neo - Winner!

  • Race: Zerg Zerg
  • League: Gold
  • Spawn Location: 9:00

VOD

Have the link to the VOD?

Description

Time

  • Played on: Nov. 24, 2018, 5:24 p.m.
  • Length: 14:23
Show
View Real Time Build Order
Export as new Build Order

Rahtin Zerg 

Build Orders: Hatch First 

Get SALT Encoding   

  12  0:01  Drone  
  13  0:12  Overlord  
  13  0:22  Drone  
  13  0:26  Drone, Extractor  
  15  0:31  Drone  
  15  0:34  Drone  
  17  0:45  Drone  
  18  0:59  Hatchery  
  17  1:10  Spawning Pool  
  16  1:13  Drone  
  17  1:18  Drone, Extractor  
  17  1:26  Overlord  
  17  1:29  Drone  
  18  1:39  Drone  
  19  1:50  Drone, Extractor  
  19  1:58  Roach Warren  
  19  2:00  Drone  
  19  2:10  Queen  
  19  2:13  Queen  
  23  2:22  Zergling x4  
  25  2:24  Zergling x2  
  26  2:31  Drone  
  27  2:40  Roach x2  
  30  2:57  Roach  
  30  2:58  Roach  
  34  3:09  Drone x2  
  34  3:12  Overlord  
  36  3:16  Overlord  
  36  3:31  Drone x3  
  39  3:45  Drone  
  39  3:46  Drone x4  
  41  4:03  Drone  
  41  4:04  Drone x4  
  40  4:11  Spine Crawler  
  37  4:18  Spine Crawler  
  36  4:29  Roach x2  
  36  4:30  Roach x2  
  44  4:40  Queen, Spine Crawler  
  45  4:48  Lair  
  39  5:06  Roach x4  
  47  5:20  Drone x5  
  52  5:44  Evolution Chamber  
  52  5:49  Glial Reconstitution  
  51  5:52  Drone  
  51  5:54  Overlord x3  
  52  6:13  Evolution Chamber  
  52  6:18  Zerg Missile Weapons Level 1  
  51  6:19  Roach x7  
  51  6:25  Drone x3  
  67  6:28  Extractor  
  67  6:41  Roach x3  
  73  6:52  Roach  
  75  6:54  Overlord x3  
  75  7:00  Spore Crawler, Extractor  
  75  7:01  Spore Crawler  
  72  7:04  Drone  
  72  7:06  Drone  
  74  7:10  Overlord  
  74  7:36  Zerg Ground Armor Level 1  
  76  7:37  Roach x4  
  76  7:38  Roach x2  
  86  7:49  Drone x3  
  86  7:50  Drone x3  
  92  8:02  Spire  
  91  8:20  Spore Crawler  
  91  8:23  Spore Crawler  
  91  8:25  Spore Crawler  
  91  8:27  Spore Crawler  
  87  8:28  Spore Crawler x2  
  87  8:30  Spore Crawler  
  58  9:02  Roach  
  60  9:03  Roach x9  
  66  9:15  Roach  
  66  9:16  Roach x2  
  64  9:30  Roach  
  64  9:31  Roach x2  
  68  9:37  Drone x2  
  70  9:45  Drone x3  
  73  10:14  Hatchery  
  72  10:16  Ravager x4  
  72  10:17  Ravager x2  
  72  10:21  Roach x2  
  80  10:22  Roach  
  82  10:48  Roach x7  
  82  10:49  Roach x3  
  100  11:09  Overlord x2  
  100  11:10  Overlord x2  
  100  11:28  Drone x4  
  72  12:10  Drone  
  72  12:11  Drone x4  
  74  12:20  Hydralisk Den  
  74  12:21  Queen  
  74  12:22  Hatchery  
  72  12:36  Burrow  
  70  12:38  Tunneling Claws  
  70  12:45  Spore Crawler  
  70  12:49  Spore Crawler  
  64  12:59  Hydralisk  
  64  13:00  Hydralisk x9  
  84  13:11  Hydralisk x2  
  86  13:20  Overlord  
  86  13:41  Roach x3  
Show
View Real Time Build Order
Export as new Build Order

neo Zerg - Winner!

Build Orders: Pool First, Zergling Baneling 

Get SALT Encoding   

  12  0:02  Drone  
  13  0:13  Overlord  
  13  0:19  Drone  
  14  0:26  Drone, Extractor  
  15  0:33  Drone  
  16  0:45  Extractor  
  15  0:50  Drone, Spawning Pool  
  15  0:59  Drone x2  
  17  1:17  Drone  
  18  1:29  Hatchery  
  17  1:37  Zergling x4  
  19  1:47  Queen  
  21  1:56  Overlord  
  21  2:04  Metabolic Boost  
  21  2:13  Baneling Nest  
  20  2:16  Drone  
  20  2:17  Drone  
  20  2:22  Drone  
  23  2:36  Drone  
  24  2:40  Overlord  
  24  2:45  Drone  
  24  2:54  Zergling x4  
  25  2:59  Queen  
  25  3:01  Zergling x2  
  25  3:02  Zergling x2  
  29  3:14  Roach Warren  
  28  3:28  Zergling x4  
  28  3:29  Zergling x6  
  28  3:30  Zergling x2  
  34  3:35  Drone  
  34  3:36  Drone  
  36  3:42  Zergling x4  
  38  3:48  Baneling  
  38  3:49  Baneling  
  38  3:56  Overlord  
  38  4:01  Zergling x4  
  37  4:07  Drone x3  
  37  4:09  Drone  
  38  4:18  Drone  
  38  4:19  Drone x2  
  38  4:20  Drone  
  42  4:25  Overlord  
  42  4:31  Baneling x3  
  42  4:32  Baneling  
  42  4:33  Baneling  
  42  4:34  Baneling  
  40  4:56  Zergling x6  
  38  5:01  Zergling x6  
  38  5:02  Zergling x6  
  38  5:04  Queen  
  46  5:07  Lair  
  46  5:22  Roach x3  
  46  5:24  Extractor  
  46  5:26  Extractor  
  50  5:32  Drone x2  
  50  5:35  Drone x3  
  54  5:36  Drone x3  
  54  5:40  Pneumatized Carapace  
  58  5:46  Baneling x2  
  58  5:57  Drone x2  
  58  5:59  Evolution Chamber  
  58  6:02  Overlord  
  58  6:10  Hatchery  
  57  6:15  Drone x2  
  59  6:20  Drone  
  60  6:26  Drone, Spire  
  60  6:27  Drone x2, Extractor  
  60  6:30  Overseer  
  61  6:36  Overlord x2  
  61  6:44  Drone  
  61  6:45  Drone  
  63  6:50  Overlord  
  63  7:04  Zerg Ground Armor Level 1  
  63  7:08  Evolution Chamber  
  62  7:10  Drone  
  62  7:11  Drone x3  
  66  7:24  Drone  
  66  7:25  Drone  
  66  7:27  Roach x6  
  80  7:36  Zerg Missile Weapons Level 1  
  79  7:37  Mutalisk  
  81  7:45  Overlord  
  81  7:59  Overlord x2  
  81  8:06  Spine Crawler x2  
  81  8:07  Spine Crawler  
  81  8:08  Spine Crawler  
  77  8:18  Roach x3  
  77  8:19  Roach x5  
  95  8:20  Roach x4  
  95  8:24  Overlord  
  99  8:37  Roach x3  
  99  8:38  Roach  
  99  8:48  Roach x3  
  74  9:18  Mutalisk x3  
  74  9:19  Mutalisk  
  82  9:25  Hatchery  
  81  9:33  Mutalisk x2  
  81  9:36  Overseer  
  85  9:48  Overlord  
  85  9:52  Overseer  
  85  9:53  Overlord  
  85  10:04  Queen  
  85  10:05  Zerg Missile Weapons Level 2  
  87  10:10  Mutalisk  
  89  10:18  Mutalisk x2  
  93  10:23  Roach  
  93  10:24  Roach  
  95  10:37  Mutalisk  
  95  10:44  Roach  
  95  10:45  Roach x3  
  103  10:55  Roach x3  
  109  10:57  Roach  
  109  11:01  Roach  
  109  11:18  Roach x2  
  109  11:19  Roach x3  
  117  11:37  Roach x4  
  117  11:38  Roach  
  127  11:42  Roach  
  129  12:17  Overlord x2  
  129  12:21  Hatchery  
  129  12:22  Overlord  
  128  12:33  Infestation Pit  
  127  12:37  Overlord x2  
  127  12:49  Mutalisk x2  
  131  13:03  Roach x4  
  139  13:11  Roach x2  
  143  13:17  Roach  
  137  13:40  Hydralisk Den  
  136  13:44  Queen  
  128  14:18  Extractor  
  128  14:19  Extractor  
Tags
 
Add a new tag
Caveats
  • Supply blocks, unpowered buildings, or Contaminate may cause inaccurate times.
  • Supply counts are checked every 10 seconds.